 Dungeon Crawl Stone Soup version 0.20.1-1-g8b1a95d (webtiles) character file.

102 t3hbunneh the Cudgeler (level 4, -4/36 HPs)
             Began as a Demonspawn Fighter on Oct 27, 2017.
             Slain by a gnoll
             ... wielding a +0 club
              (6 damage)
             ... on level 2 of the Dungeon.
             The game lasted 00:04:34 (1832 turns).

t3hbunneh the Cudgeler (Demonspawn Fighter)         Turns: 1832, Time: 00:04:35

Health: -4/36      AC:  8    Str: 17    XL:     4   Next: 50%
Magic:  4/4        EV:  6    Int:  9    God:
Gold:   93         SH:  8    Dex: 13    Spells: 3/3 levels left

rFire    . . .     SeeInvis .   a - +0 flail
rCold    . . .     Gourm    .   c - +0 shield
rNeg     . . .     Faith    .   b - +0 scale mail
rPois    .         Spirit   .   (no helmet)
rElec    .         Reflect  .   (no cloak)
rCorr    .         Harm     .   (no gloves)
MR       .....                  (no boots)
Stlth    ..........             (no amulet)
Regen    0.2/turn               (no ring)
MPRegen  0.1/turn               (no ring)

@: no status effects
A: claws 1, thin metallic scales 1
a: no special abilities


You were on level 2 of the Dungeon.
You were near starving.

You visited 1 branch of the dungeon, and saw 3 of its levels.

You collected 93 gold pieces.

Inventory:

Hand Weapons
 a - a +0 flail (weapon)
Armour
 b - a +0 scale mail (worn)
 c - a +0 shield (worn)
Scrolls
 e - 3 scrolls of identify {unknown}
 i - a scroll of immolation {unknown}
 m - a scroll of magic mapping {unknown}
 o - a scroll of teleportation {unknown}
 p - a scroll of enchant armour {unknown}
Potions
 d - a potion of might
 g - 2 potions of curing {unknown}
 h - a potion of mutation {unknown}
 j - a potion of agility {unknown}
 n - 2 potions of heal wounds {unknown}
Comestibles
 f - 2 bread rations
 k - a meat ration
 l - 3 royal jellies


   Skills:
 + Level 3.6 Fighting
 + Level 3.7 Maces & Flails
 - Level 3.0 Armour
 - Level 2.6 Shields


You had 3 spell levels left.
You didn't know any spells.

Dungeon Overview and Level Annotations

Branches:
Dungeon (3/15)

Altars:


Innate Abilities, Weirdness & Mutations

You have sharp fingernails.
You are partially covered in thin metallic scales. (AC +2)


Message History

You sock the gnoll!
The gnoll is severely wounded.
You are near starving!
The gnoll closely misses you.
Your shield and scale mail prevent you from hitting the gnoll.
The gnoll is severely wounded.
The gnoll hits you with a club.
* * * LOW HITPOINT WARNING * * *
The gnoll hits you with a club.
* * * LOW HITPOINT WARNING * * *
You barely miss the gnoll.
The gnoll is severely wounded.
You block the gnoll's attack.
You hit the gnoll but do no damage.
The gnoll is severely wounded.
The gnoll hits you but does no damage.
You hit the gnoll.
The gnoll is almost dead.
The gnoll hits you with a club.
You die...

#####.....##.#######..#.#.#..####
#########.##..........#...#.g####
......................#.###..##..
#########.#####<.............####
..........# ######..#..###g####
########### #..#..##.g....
##.#..##..####
########....##..####
#..@g...............
##############.######........####
.........................###.#
##############.########..# #.#
#.# #..# #.# #.# #..###.# #.#
#......# #########.# #......#
#<........# #......#


You could see a gnoll.

Vanquished Creatures
  3 gnolls (D:2)
  2 worms (D:2)
  3 dart slugs (D:2)
  2 leopard geckos
  3 orcs (D:2)
  5 giant cockroaches
  2 goblins (D:2)
  7 hobgoblins
  3 jackals (D:1)
  4 kobolds
  3 quokkas (D:2)
  7 bats
  10 frilled lizards
  5 rats (D:1)
59 creatures vanquished.

Notes
Turn   | Place    | Note
-------+----------+-------------------------------------------
     0 | D:1      | t3hbunneh the Demonspawn Fighter began the quest for the Orb.
     0 | D:1      | Reached XP level 1. HP: 18/18 MP: 1/1
   279 | D:1      | Gained mutation: You have sharp fingernails. [demonic ancestry]
   279 | D:1      | Reached XP level 2. HP: 24/24 MP: 2/2
   858 | D:2      | Gained mutation: You are partially covered in thin metallic scales. (AC +2) [demonic ancestry]
   858 | D:2      | Reached XP level 3. HP: 26/29 MP: 3/3
  1497 | D:2      | Reached XP level 4. HP: 33/35 MP: 4/4
  1832 | D:2      | Slain by a gnoll

Skill      XL: |  1  2  3 |
---------------+----------+-----
Maces & Flails | 2 3 |  3.7
Armour         | 3 |  3.0
Fighting       | |  3.6
Shields        | |  2.6

Action                   |  1- 3 |  4- 6 || total
-------------------------+-------+-------++-------
Melee: Flail             |   190 |    53 ||   243
  Eat: Chunk             |     2 |       ||     2
Armor: Scale mail        |   104 |    17 ||   121
Dodge: Dodged            |    47 |     9 ||    56
Block: Shield            |   113 |    28 ||   141
